 Dungeon Crawl Stone Soup version 0.25.0-10-g039870ee82 (webtiles) character file.

Game seed: 13219813475529924479

165 shadizar the Insei (level 5, -1/36 HPs)
             Began as an Octopode Transmuter on June 23, 2020.
             Slain by an orc wizard
             ... wielding a +0 dagger
              (2 damage)
             ... on level 4 of the Dungeon.
             The game lasted 00:04:16 (4284 turns).

shadizar the Insei (Octopode Transmuter)            Turns: 4284, Time: 00:04:17

Health: -1/36      AC:  1    Str: 10    XL:     5   Next: 46%
Magic:  8/8        EV:  8    Int: 15    God:
Gold:   229        SH: 10    Dex: 13    Spells: 7/8 levels left

rFire    + . .     SeeInvis .     - Unarmed
rCold    . . .     Gourm    .   v - +0 tower shield
rNeg     . . .     Faith    .   (helmet restricted)
rPois    .         Spirit   .   (no amulet)
rElec    .         Reflect  .   k - ring of protection from fire
rCorr    .         Harm     .   n - ring of flight
MR       .....                  (no ring)
Stlth    +++.......             (no ring)
HPRegen  0.12/turn              (no ring)
MPRegen  0.11/turn              (no ring)
                                (no ring)
                                (no ring)

@: slowed, very slow
A: almost no armour, stealthy swim, amphibious, 8 rings, constrict 8, camouflage
1, gelatinous body 1
a: Evoke Flight


You were on level 4 of the Dungeon.
You were not hungry.

You visited 1 branch of the dungeon, and saw 4 of its levels.

You collected 229 gold pieces.

Inventory:

Missiles
 a - 51 arrows
Armour
 v - a +0 tower shield (worn)
Jewellery
 k - a ring of protection from fire (left tentacle)
 n - a ring of flight (right tentacle)
Scrolls
 b - a scroll of enchant weapon {unknown}
 d - 4 scrolls of identify {unknown}
 e - a scroll of amnesia {unknown}
 g - 4 scrolls of remove curse {unknown}
 j - a scroll of fear {unknown}
 l - 2 scrolls of teleportation {unknown}
 s - a scroll of enchant armour {unknown}
 t - a scroll of immolation {unknown}
 w - a scroll of blinking {unknown}
 x - 2 scrolls of magic mapping {unknown}
Potions
 f - a potion of lignification {unknown}
 i - a potion of stabbing {unknown}
 m - 2 potions of brilliance
 o - a potion of berserk rage {unknown}
 p - a potion of heal wounds {unknown}
 q - a potion of might {unknown}
 r - a potion of magic
Comestibles
 c - 7 rations


   Skills:
 + Level 3.0 Fighting
 - Level 2.0 Dodging
 + Level 3.3 Stealth
 + Level 1.0 Shields
 + Level 4.2 Unarmed Combat
 - Level 2.0 Spellcasting
 - Level 2.0 Transmutations


You had 7 spell levels left.
You knew the following spells:

 Your Spells              Type           Power        Failure   Level  Hunger
a - Beastly Appendage     Tmut           #.....       91%         1    #......

Your spell library contained the following spells:

 Spells                   Type           Power        Failure   Level  Hunger
 Sticks to Snakes         Tmut           #.......     97%         2    ###....
 Spider Form              Tmut/Pois      #.........   100%        3    ###....
 Ice Form                 Ice/Tmut       #.......     100%        4    #####..
 Blade Hands              Tmut           #.........   100%        5    ######.


Dungeon Overview and Level Annotations

Branches:
Dungeon (4/15)
 Temple: D:4-7

Altars:


Innate Abilities, Weirdness & Mutations

You cannot wear most types of armour.
You are very stealthy in the water. (Stealth+)
You are amphibious.
You can wear up to eight rings at the same time.
You can use your tentacles to constrict eight enemies at once.
Your skin changes colour to match your surroundings (Stealth+).
Your rubbery body absorbs attacks. (AC +1, EV +1)


Message History

Unknown command.
Unknown command.
Unknown command.
Unknown command.
Unknown command.
Unknown command.
Unknown command.
Unknown command.
Unknown command.
Unknown command.
Unknown command.
You tentacle-slap the orc wizard.
The orc wizard is moderately wounded.
You constrict the orc wizard. The orc wizard casts a spell at you.
The magic dart hits you!
* * * LOW HITPOINT WARNING * * *
You block something's attack.
The orc wizard hits you with a +0 dagger.
You die...

##
#.#########
#....## #.#
#.....# #+#
#.....#
#.....#
####...## #
##.###.##
####
####...##.#
...+
+...o...#.###
####
#..@{o......#
#
#.###.#.#.#.#
#. #.#.#.#.#
#. #o#.#.# #
#. $.....# #>
.o#.### #.
#..#.# #.
..{..#


oo. You could see an orc wizard (fast) and an orc.

Vanquished Creatures
  An orc wizard (D:4)
  A worker ant (D:4)
  4 adders
  An ooze (D:3)
  2 worms
  2 dart slugs
  A leopard gecko (D:1)
  An orc (D:3)
  4 bats
  3 giant cockroaches
  5 hobgoblins
  4 quokkas
  A ball python (D:3)
  9 frilled lizards
  7 goblins
  11 kobolds
  7 rats
64 creatures vanquished.

Notes
Turn   | Place    | Note
-------+----------+-------------------------------------------
     0 | D:1      | shadizar the Octopode Transmuter began the quest for the
                  | Orb.
     0 | D:1      | Reached XP level 1. HP: 13/13 MP: 3/3
   234 | D:1      | Reached XP level 2. HP: 14/18 MP: 5/5
   633 | D:2      | Reached skill level 1 in Stealth
   633 | D:2      | Reached XP level 3. HP: 15/24 MP: 6/6
  2217 | D:3      | Reached XP level 4. HP: 19/30 MP: 7/7
  2897 | D:3      | Reached skill level 4 in Unarmed Combat
  4002 | D:4      | Reached XP level 5. HP: 14/36 MP: 8/8
  4279 | D:4      | Reached skill level 1 in Shields
  4284 | D:4      | HP: 1/36 [orc wizard/magic dart (7)]
  4284 | D:4      | Slain by an orc wizard

Illustrated notes

Levels and vault maps discovered:
D:1:      sevenhm_arrival_forest_fort_small_5, layout_rooms,
          chequers_serial_rivers_micro_d, st_stairs_7, minmay_misc_feat_chi
D:2:      layout_basic, minmay_crystal_water, roderic_lattice_a
D:3:      layout_basic
D:4:      layout_loops_corners

Skill      XL: |  1  2  3  4  5 |
---------------+----------------+-----
Fighting       | 2 3 |  3.0
Stealth        | 1 2 3 |  3.3
Unarmed Combat | 4 |  4.2
Shields        | 1 |  1.0
Dodging        | |  2.0
Spellcasting   | |  2.0
Transmutations | |  2.0

Action                   |  1- 3 |  4- 6 || total
-------------------------+-------+-------++-------
Melee: Unarmed           |   100 |    65 ||   165
       Constrict         |    24 |    15 ||    39
       Tentacles         |    15 |    11 ||    26
       Punch             |     2 |     2 ||     4
  Use: Potion            |       |     3 ||     3
 Stab: Sleeping          |     7 |     5 ||    12
       Distracted        |       |     1 ||     1
  Eat: Chunk             |     3 |     7 ||    10
Armor: Skin              |    12 |     4 ||    16
Dodge: Dodged            |    65 |    34 ||    99
Block: Tower shield      |       |    11 ||    11
